 Dungeon Crawl Stone Soup version 0.22.0-6-g71bd7aa6b3 (webtiles) character file.

2174 Oravi the Zephyrmancer (level 9, -1/52 HPs)
             Began as a Tengu Air Elementalist on Aug 15, 2018.
             Was a Follower of Vehumet.
             Slain by Duvessa
             ... wielding a +0 short sword
              (14 damage)
             ... on level 7 of the Dungeon.
             The game lasted 00:39:06 (6925 turns).

Oravi the Zephyrmancer (Tengu Air Elementalist)     Turns: 6925, Time: 00:39:07

Health: -1/52      AC:  5    Str:  6    XL:     9   Next: 32%
Magic:  20/26      EV: 14    Int: 28    God:    Vehumet [*.....]
Gold:   88         SH:  0    Dex: 14    Spells: 7/18 levels left

rFire    + . .     SeeInvis +   a - +0 hunting sling "Neoweopheo" {freeze, rPois rN+++ Str-2 Dex+2}
rCold    + . .     Gourm    .   (no shield)
rNeg     + + +     Faith    .   D - +1 leather armour "Loidd" {Int+9 Dex-3 SInv}
rPois    +         Spirit   .   (helmet restricted)
rElec    .         Reflect  .   g - scarf {rC+ rF+}
rCorr    .         Harm     .   s - +0 pair of gloves
MR       .....                  (boots unavailable)
Stlth    +++.......             (no amulet)
HPRegen  0.17/turn              n - ring of magical power
MPRegen  0.20/turn              d - ring of stealth (curse)

@: no status effects
A: beak, talons 3, able to fly 1
a: Fly, Renounce Religion


You were on level 7 of the Dungeon.
You worshipped Vehumet.
Vehumet was aware of your devotion.
You were not hungry.

You visited 2 branches of the dungeon, and saw 8 of its levels.

You collected 263 gold pieces.
You spent 175 gold pieces at shops.

Inventory:

Hand Weapons
 a - the +0 hunting sling "Neoweopheo" (weapon) {freeze, rPois rN+++ Str-2 Dex+2}
   (You found it on level 4 of the Dungeon)

   It causes projectiles fired from it to freeze those they strike, causing
   extra injury to most foes and up to half again as much damage against
   particularly susceptible opponents.
   They can also slow down cold-blooded creatures.
   It affects your strength (-2).
   It affects your dexterity (+2).
   It protects you from poison.
   It renders you almost immune to negative energy.
 b - the +12 rapier of Agaetih {flame, +Fly}
   (You found it on level 6 of the Dungeon)

   It has been specially enchanted to burn those struck by it, causing extra
   injury to most foes and up to half again as much damage against particularly
   susceptible opponents.
   It lets you fly.
 f - the +1 dagger of Firoarph {protect, *Corrode rF+ Dex+6}
   (You found it on level 5 of the Dungeon)

   It protects the one who uses it against injury (+AC on strike).
   It affects your dexterity (+6).
   It protects you from fire.
   It may corrode you when you take damage.
 I - a +2 whip of electrocution
Missiles
 h - 7 needles of confusion
 i - 279 stones (quivered)
 t - 16 poisoned needles
 A - 7 tomahawks
 J - a throwing net
Armour
 g - a scarf of resistance (worn)
 k - a +0 robe
 p - a +3 ring mail
 r - a +1 shield of positive energy
 s - a +0 pair of gloves (worn)
 D - the +1 leather armour "Loidd" (worn) {Int+9 Dex-3 SInv}
   (You found it on level 7 of the Dungeon)

   It affects your intelligence (+9).
   It affects your dexterity (-3).
   It lets you see invisible.
 G - the +1 leather armour "Oterob" {Str+4 Dex+3 Stlth+}
   (You bought it in a shop on level 5 of the Dungeon)

   It affects your strength (+4).
   It affects your dexterity (+3).
   It makes you more stealthy.
 K - a +0 chain mail of fire resistance
Jewellery
 d - a cursed ring of stealth (right hand)
 n - a ring of magical power (left hand)
 y - a +3 ring of protection
 F - an uncursed ring of protection from magic
Wands
 j - a wand of flame (4)
 u - a wand of iceblast (3)
 E - a wand of enslavement (4)
Scrolls
 e - a scroll of amnesia
 l - 2 scrolls of enchant weapon
 m - 3 scrolls of magic mapping
 o - 5 scrolls of teleportation {unknown}
 q - 3 scrolls of identify
 x - a scroll of immolation {unknown}
 z - a scroll of torment {unknown}
 C - 2 scrolls of remove curse
 H - a scroll of brand weapon {unknown}
 M - a scroll of enchant armour {unknown}
Potions
 v - 2 potions of cancellation
 w - 3 potions of curing
 B - a potion of heal wounds
Comestibles
 c - 11 rations
 L - a chunk of flesh


   Skills:
 + Level 4.3 Fighting
 + Level 4.6 Armour
 + Level 5.3 Dodging
 - Level 2.0 Stealth
 + Level 5.1 Spellcasting
 + Level 6.9 Conjurations
 + Level 8.1 Air Magic


You had 7 spell levels left.
You knew the following spells:

 Your Spells              Type           Power        Failure   Level  Hunger
a - Shock                 Conj/Air       ####         1%          1    None
b - Swiftness             Chrm/Air       ####....     2%          2    None
c - Static Discharge      Conj/Air       #####...     1%          3    #......
d - Airstrike             Air            ######....   3%          4    ###....
e - Animate Skeleton      Necr           N/A          10%         1    None

Your spell library contained the following spells:

 Spells                   Type           Power        Failure   Level  Hunger
 Apportation              Tloc           #.....       10%         1    None
 Lightning Bolt           Conj/Air       #####.....   12%         5    #####..
 Summon Small Mammal      Summ           #...         10%         1    None
 Confusing Touch          Hex            #.....       10%         1    None


Dungeon Overview and Level Annotations

Branches:
Dungeon (7/15)             Temple (1/1) D:5

Altars:
Cheibriados
Dithmenos
Elyvilon
Fedhas
Hepliaklqana
Kikubaaqudgha
Nemelex Xobeh
Sif Muna
Vehumet
Xom
Yredelemnul
Zin
Beogh

Shops:
D:5 [

Annotations:
D:3 3 runed doors, Eurus's ghost, amateur DrTm; Sigmund
D:4 exclusion: ogre, Ijyb
D:5 2 transporters
D:7 Duvessa


Innate Abilities, Weirdness & Mutations

You have a beak for a mouth.
You have claws for feet.
You can fly.


Message History

Duvessa hits you with a short sword! Duvessa hits you with a short sword.
Casting: Shock (safe; 1% risk of failure)
Confirm with . or Enter, or press ? or * to list all spells.
Aiming: Shock (safe; 1% risk of failure)
Press: ? - help, Shift-Dir - straight line The zap hits Duvessa.
Duvessa is heavily wounded.
The zap hits Duvessa.
Duvessa is severely wounded.
Duvessa hits you but does no damage.
Casting: Shock (safe; 1% risk of failure)
Confirm with . or Enter, or press ? or * to list all spells.
Aiming: Shock (safe; 1% risk of failure)
Press: ? - help, Shift-Dir - straight line The zap misses Duvessa.
The zap hits Duvessa.
Duvessa is severely wounded.
Duvessa hits you with a short sword.
* * * LOW HITPOINT WARNING * * *
Duvessa hits you with a short sword!
You die...

##. ### ###..
#.# ###.... #.##
###...... ##..#
###........
#...#
###...###....
#...##
####...### ##...
##...#
###...#### ##...
#..## ####@..###
##.... #..##
###..e.###
#.....
###.###....###
#.....
##.....###
#.....
##......###
##.....
##.........###
#......
#............#
#......
#.............#
#......
##.............#
#......


You could see Duvessa (berserk).

Vanquished Creatures
  A hippogriff (D:6)
  A sky beast (D:5)
  An ice beast (D:7)
  An orc warrior (D:6)
  4 phantoms
  An ogre (D:6)
  A bullfrog (D:6)
  2 scorpions
  A water moccasin skeleton (D:7)
  Dowan (D:7)
  7 wights (D:7)
  2 bullfrog zombies (D:5)
  A centaur zombie (D:5)
  8 orc wizards
  An orc priest (D:6)
  2 hounds
  A bullfrog skeleton (D:6)
  Terence (D:3)
  3 worker ants
  10 adders
  An ooze (D:3)
  An adder zombie (D:5)
  An adder skeleton (D:4)
  2 worms
  A dart slug (D:1)
  5 leopard geckos
  19 orcs
  2 ball pythons (D:2)
  5 giant cockroaches
  9 goblins
  6 hobgoblins
  6 jackals
  6 kobolds
  4 quokkas
  7 bats
  5 frilled lizards
  A quokka skeleton (D:6)
  A quokka zombie (D:6)
  8 rats
140 creatures vanquished.

Vanquished Creatures (others)
  A quokka (D:3)
1 creature vanquished.

Grand Total: 141 creatures vanquished

Notes
Turn   | Place    | Note
-------+----------+-------------------------------------------
     0 | D:1      | Oravi the Tengu Air Elementalist began the quest for the Orb.
     0 | D:1      | Reached XP level 1. HP: 10/10 MP: 4/4
   445 | D:1      | Reached XP level 2. HP: 14/15 MP: 6/6
  1047 | D:2      | Reached XP level 3. HP: 15/19 MP: 7/7
  1051 | D:2      | Learned a level 2 spell: Swiftness
  1055 | D:2      | Learned a level 3 spell: Static Discharge
  1351 | D:2      | Noticed a scorpion
  1359 | D:2      | Killed a scorpion
  1359 | D:2      | Reached skill level 5 in Air Magic
  1359 | D:2      | Reached XP level 4. HP: 14/24 MP: 9/9
  1999 | D:3      | Found a white marble altar of Elyvilon.
  2022 | D:3      | Noticed Terence
  2047 | D:3      | Killed Terence
  2047 | D:3      | Gained mutation: You can fly. [Tengu growth]
  2047 | D:3      | Reached XP level 5. HP: 23/28 MP: 10/10
  2290 | D:3      | Found a runed gate.
  2291 | D:3      | Found a runed gate.
  2291 | D:3      | Noticed Eurus's ghost (amateur DrTm)
  2292 | D:3      | Found a runed gate.
  2292 | D:3      | Found a roughly hewn altar of Beogh.
  2471 | D:3      | Found a shimmering altar of Xom.
  2634 | D:3      | Noticed Sigmund
  2686 | D:4      | Reached skill level 1 in Fighting
  2686 | D:4      | Reached skill level 1 in Armour
  2691 | D:4      | Reached XP level 6. HP: 16/34 MP: 11/11
  2935 | D:4      | Learned a level 4 spell: Airstrike
  2983 | D:4      | Found a radiant altar of Vehumet.
  2987 | D:4      | Became a worshipper of Vehumet
  3048 | D:4      | Got an ichor-stained hunting sling
  3049 | D:4      | Identified the cursed +0 hunting sling "Neoweopheo" {freeze, rPois rN+++ Str-2 Dex+2} (You found it on level 4 of the Dungeon)
  3111 | D:4      | Noticed Ijyb
  3190 | D:4      | Found a deep blue altar of Sif Muna.
  3362 | D:5      | Entered Level 5 of the Dungeon
  3455 | D:5      | Found Sigump's Antique Armour Boutique.
  3465 | D:5      | Noticed a sky beast
  3499 | D:5      | Killed a sky beast
  3824 | D:5      | Got a warped dagger
  3825 | D:5      | Identified the +1 dagger of Firoarph {protect, *Corrode rF+ Dex+6} (You found it on level 5 of the Dungeon)
  3902 | D:5      | Reached skill level 6 in Air Magic
  3902 | D:5      | Reached XP level 7. HP: 39/39 MP: 13/13
  3954 | D:5      | Found a transporter.
  4236 | D:5      | Reached skill level 5 in Conjurations
  4318 | D:5      | You fall through a shaft for 2 floors!
  4572 | D:6      | Noticed a hippogriff
  4584 | D:6      | Killed a hippogriff
  4584 | D:6      | Reached XP level 8. HP: 37/45 MP: 15/15
  4756 | D:6      | Reached * piety under Vehumet
  4756 | D:6      | Offered knowledge of Freeze by Vehumet.
  5058 | D:6      | Reached skill level 7 in Air Magic
  5580 | D:5      | Bought a distressingly furry leather armour for 175 gold pieces
  5590 | D:5      | Identified the +1 leather armour "Oterob" {Str+4 Dex+3 Stlth+} (You bought it in a shop on level 5 of the Dungeon)
  5689 | D:5      | Found a staircase to the Ecumenical Temple.
  5729 | Temple   | Entered the Ecumenical Temple
  5796 | D:5      | Found a transporter.
  6018 | D:6      | Found an ancient bone altar of Kikubaaqudgha.
  6140 | D:6      | Got an ancient rapier
  6141 | D:6      | Identified the +12 rapier of Agaetih {flame, +Fly} (You found it on level 6 of the Dungeon)
  6208 | D:6      | Found a shadowy altar of Dithmenos.
  6214 | D:6      | Found a snail-covered altar of Cheibriados.
  6218 | D:6      | Found a hazy altar of Hepliaklqana.
  6224 | D:6      | Found a blossoming altar of Fedhas.
  6228 | D:6      | Found a glowing silver altar of Zin.
  6234 | D:6      | Found a sparkling altar of Nemelex Xobeh.
  6238 | D:6      | Found a basalt altar of Yredelemnul.
  6333 | D:7      | Reached XP level 9. HP: 27/52 MP: 17/17
  6342 | D:7      | Got an ancient leather armour
  6353 | D:7      | Identified the +1 leather armour "Loidd" {Int+9 Dex-3 SInv} (You found it on level 7 of the Dungeon)
  6355 | D:7      | Learned a level 1 spell: Animate Skeleton
  6604 | D:7      | Noticed Dowan
  6631 | D:7      | Killed Dowan
  6631 | D:7      | Reached skill level 5 in Dodging
  6673 | D:7      | Reached skill level 5 in Spellcasting
  6736 | D:7      | Reached skill level 8 in Air Magic
  6909 | D:7      | Noticed Duvessa
  6925 | D:7      | Slain by Duvessa

Skill      XL: |  1  2  3  4  5  6  7  8  9 |
---------------+----------------------------+-----
Conjurations   | 2 3 4 5 6 |  6.9
Air Magic      | 5 6 7 8 |  8.1
Spellcasting   | 3 4 5 |  5.1
Fighting       | 1 2 3 4 |  4.3
Armour         | 1 2 4 |  4.6
Dodging        | 3 4 5 |  5.3
Stealth        | |  2.0

Action                   |  1- 3 |  4- 6 |  7- 9 || total
-------------------------+-------+-------+-------++-------
Melee: Whip              |    66 |    65 |    54 ||   185
       Kick              |     8 |    14 |    19 ||    41
       Peck              |     8 |     6 |    16 ||    30
       Dagger            |       |       |    11 ||    11
       Rapier            |       |       |    36 ||    36
 Fire: Hunting sling     |       |    23 |   227 ||   250
Throw: Stone             |    88 |    55 |    11 ||   154
 Cast: Shock             |    13 |    38 |    89 ||   140
  Use: Potion            |     2 |     3 |       ||     5
       Scroll            |       |     7 |       ||     7
 Stab: Sleeping          |       |     1 |     1 ||     2
  Eat: Chunk             |     2 |     6 |    11 ||    19
Armor: Robe              |    12 |       |       ||    12
       Ring mail         |       |    39 |    80 ||   119
       Leather armour    |       |       |     8 ||     8
Dodge: Dodged            |    33 |    53 |   125 ||   211
